 Dungeon Crawl Stone Soup version 0.31.0-4-g52a2dc7128 (console) character file.

Game seed: 2279791015737009366

333 AlterAsc the Changeling (level 6, -4/33 HPs)
             Began as a Spriggan Shapeshifter on Jan 21, 2024.
             Slain by an iguana (10 damage)
             ... on level 4 of the Dungeon.
             The game lasted 00:10:22 (3897 turns).

AlterAsc the Changeling (Spriggan Shapeshifter)     Turns: 3897, Time: 00:10:23

Health: -4/33      AC:  2    Str: 10    XL:     6   Next: 27%
Magic:  7/7        EV: 19    Int: 11    God:
Gold:   210        SH:  0    Dex: 17    Spells: 5/5 levels left

rFire   . . .        q - +4 dagger (pain)
rCold   . . .        (no shield)
rNeg    . . .        a - +0 animal skin
rPois   .            (helmet currently unavailable)
rElec   .            (cloak currently unavailable)
rCorr   .            (gloves unavailable)
SInv    +            (boots unavailable)
Will    +....        (no amulet)
Stlth   ++           (no ring)
HPRegen 0.25/turn    (no ring)
MPRegen 0.10/turn

%: no passive effects
@: beast-form, very quick
A: beast (slay +3), very small, no large weapons, unfitting armour, see
invisible, speed 3
a: Begin Untransformation


You were on level 4 of the Dungeon.
You were a hulking beast.
You visited 1 branch of the dungeon, and saw 5 of its levels.

You collected 210 gold pieces.

Inventory:

Hand Weapons
 h - a +2 falchion of holy wrath
 q - a +4 dagger of pain (weapon)
 r - a +2 dagger of speed
 t - a +1 dagger of venom
Missiles
 f - 32 stones
 A - 3 curare-tipped darts (quivered)
 D - 5 poisoned darts
Armour
 a - a +0 animal skin (worn)
Jewellery
 y - an amulet of guardian spirit
Talismans
 c - a beast talisman
 d - a flux talisman
Wands
 w - a wand of polymorph (3)
Scrolls
 g - a scroll of identify {unknown}
 j - a scroll of blinking {unknown}
 l - a scroll of fear {unknown}
 m - a scroll of vulnerability {unknown}
 x - 2 scrolls of immolation
 B - a scroll of poison {unknown}
 C - a scroll of enchant armour {unknown}
 E - 2 scrolls of torment {unknown}
Potions
 b - a potion of lignification
 e - a potion of brilliance {unknown}
 i - a potion of might {unknown}
 k - a potion of enlightenment {unknown}
 n - 2 potions of attraction {unknown}
 o - 2 potions of degeneration {unknown}
 p - 2 potions of curing {unknown}
 s - a potion of berserk rage {unknown}
 u - 2 potions of mutation {unknown}
 v - a potion of haste {unknown}
 z - a potion of invisibility {unknown}


   Skills:
 * Level 3.6 Fighting
 + Level 5.0 Dodging
 - Level 2.5 Unarmed Combat
 + Level 5.5 Shapeshifting


You had 5 spell levels left.
You didn't know any spells.
Your spell library contained the following spells:

 Spells                   Type           Power      Damage    Failure   Level
 Scorch                   Fire           0%         2d5       47%         2
 Flame Wave               Conj/Fire      0%         2d4       98%         4
 Summon Cactus Giant      Summ           0%         N/A       100%        6


Dungeon Overview and Level Annotations

Branches:
Dungeon (5/15)
 Temple: D:4-7

Altars:

Annotations:
D:3 Grinder
D:4 1 runed translucent door, paavali's ghost, amateur OpSh


Innate Abilities, Weirdness & Mutations

You are a hulking beast.
Your limbs bulge with bestial killing power. (Slay +3)
You are very small and have problems with some larger weapons.
You are too small for most types of armour.
You have supernaturally acute eyesight. (SInv)
You cover ground extremely quickly. (Speed+++)


Message History

The ufetubus completely misses you. The ufetubus misses you.
You hit the ufetubus.
You kill the ufetubus!
Your Dodging skill increases to level 5!
There is a stone staircase leading down here.
You climb downwards.
The ufetubus barely misses you. The ufetubus closely misses you.
The hound completely misses you. The iguana closely misses you.
The ufetubus closely misses you. The ufetubus hits you. The hound misses you.
There is a stone staircase leading up here.
The ufetubus completely misses you. The ufetubus closely misses you.
The hound barely misses you.
The iguana bites you but does no damage.
You climb upwards.
Level annotation: 1 runed translucent door, paavali's ghost, amateur OpSh
There is a stone staircase leading down here.
You puncture the hound!
The hound is moderately wounded.
The ufetubus closely misses you. The ufetubus barely misses you.
The hound bites you. The iguana bites you! The ufetubus misses you.
The ufetubus completely misses you. The hound bites you.
You closely miss the hound.
The hound is moderately wounded.
The ufetubus misses you. The ufetubus hits you. The hound barely misses you.
The iguana misses you.
You barely miss the hound.
The hound is moderately wounded.
The ufetubus misses you. x2; The hound closely misses you.
The iguana closely misses you. The ufetubus misses you. x2
The hound bites you.
You hit the hound.
The hound is heavily wounded.
The ufetubus barely misses you. The ufetubus completely misses you.
The hound closely misses you. The iguana barely misses you.
You hit the hound but do no damage.
The hound is heavily wounded.
The ufetubus completely misses you. x2; The hound bites you.
* * * LOW HITPOINT WARNING * * *
The iguana closely misses you. The ufetubus closely misses you.
The ufetubus completely misses you. The hound misses you.
You puncture the hound!
The hound is almost dead.
The ufetubus closely misses you. The ufetubus hits you.
* * * LOW HITPOINT WARNING * * *
The hound bites you but does no damage. The iguana bites you!
You die...

#.# #...# #....>... ##'## #.###
####.#### ##...## #.# #####.####
#.....## #.## #........#
.......## #..## #.##..##.#
........####...#########.#...##.#
........'..<.................<..'
........####...#########.....##.#
.......## ##..#### #..#.###.#
#.....## #....hl# #........#
##)..## ##.###h# ##.#######
....## ### #5# #.# ##..# #.# #.#
##..# #.# #.# ##..## #.# #.#
##...## #.# #####.####
......###### #.# #........#
##...###...#####.# #.###.##.####
....###..........# #.# #........
............###### #.# ####.####
##..###.....# #.# #.#


You could see an iguana, a hound and an ufetubus.

Vanquished Creatures
  Blork the orc (D:4)
  Crazy Yiuf (D:3)
  Terence (D:3)
  Natasha (twice) (D:2)
  Robin (D:2)
  4 adders
  An ufetubus (D:4)
  A ribbon worm (D:2)
  A dart slug (D:1)
  9 orcs
  3 ball pythons
  3 bats
  2 endoplasms
  6 giant cockroaches
  18 goblins
  10 hobgoblins
  8 jackals
  7 kobolds
  6 quokkas
  8 rats
93 creatures vanquished.

Notes
Turn   | Place    | Note
-------+----------+-------------------------------------------
     0 | D:1      | AlterAsc the Spriggan Shapeshifter began the quest for the
                  | Orb.
     0 | D:1      | Reached XP level 1. HP: 9/9 MP: 2/2
     0 | D:1      | Noticed a draconian
     0 | D:1      | Noticed an oni
     4 | D:1      | Noticed a vampire
     6 | D:1      | Noticed an armataur
     7 | D:1      | Noticed an oni
     8 | D:1      | Noticed a gargoyle
     9 | D:1      | Noticed a minotaur
    11 | D:1      | Noticed an elf
    13 | D:1      | Noticed a spriggan
    13 | D:1      | Noticed a vampire
    15 | D:1      | Noticed an octopode
    15 | D:1      | Noticed a felid
    17 | D:1      | Noticed a felid
    19 | D:1      | Noticed an oni
    22 | D:1      | Noticed a felid
    86 | D:1      | Reached skill level 1 in Fighting
   229 | D:1      | Reached XP level 2. HP: 14/14 MP: 3/3
   404 | D:1      | Reached XP level 3. HP: 18/18 MP: 4/4
  1428 | D:2      | Noticed Robin
  1430 | D:2      | Reached XP level 4. HP: 21/23 MP: 5/5
  1441 | D:2      | Killed Robin
  1779 | D:2      | Noticed Natasha
  1785 | D:2      | Killed Natasha
  1786 | D:2      | Reached XP level 5. HP: 24/27 MP: 6/6
  1878 | D:2      | Noticed Natasha
  1887 | D:2      | HP: 1/27 [cerulean imp/+2 spear[Natasha] (6)]
  1888 | D:2      | Killed Natasha
  1889 | D:2      | Reached skill level 5 in Shapeshifting
  2334 | D:3      | Noticed Terence
  2350 | D:3      | Killed Terence
  2439 | D:3      | Noticed Grinder
  2663 | D:3      | Found a runed translucent door.
  2664 | D:3      | Noticed Crazy Yiuf
  2773 | D:3      | Killed Crazy Yiuf
  3245 | D:4      | Noticed Blork the orc
  3255 | D:4      | Killed Blork the orc
  3256 | D:4      | Reached XP level 6. HP: 21/32 MP: 7/7
  3552 | D:4      | Found a runed translucent door.
  3553 | D:4      | Noticed paavali's ghost (amateur OpSh)
  3872 | D:5      | Entered Level 5 of the Dungeon
  3886 | D:4      | Reached skill level 5 in Dodging
  3897 | D:4      | Slain by an iguana

Illustrated notes

Levels and vault maps discovered:
D:1:      shiori_arrival_whats_in_store_for_you, layout_basic
D:2:      layout_basic, minmay_cut_off, uniq_robin, uniq_natasha
D:3:      layout_rooms, uniq_grinder, uniq_crazy_yiuf_cottage, uniq_terence
D:4:      layout_loops_corners, ebering_ghost_reflecting_pool,
          uniq_blork_the_orc
D:5:      layout_layer_cave

Skill      XL: |  1  2  3  4  5  6 |
---------------+-------------------+-----
Fighting       | 1 2 3 |  3.6
Dodging        | 3 4 5 |  5.0
Shapeshifting  | 5 |  5.5
Unarmed Combat | |  2.5

Action                     |  1- 3 |  4- 6 || total
---------------------------+-------+-------++-------
  Melee: Unarmed           |    14 |       ||    14
         Falchion          |    73 |       ||    73
         Punch             |     4 |     3 ||     7
         Dagger            |     7 |   117 ||   124
  Throw: Stone             |       |     1 ||     1
         Dart              |       |     5 ||     5
    Use: Scroll            |       |     1 ||     1
   Stab: Sleeping          |     4 |     3 ||     7
 Armour: Animal skin       |    28 |    46 ||    74
  Dodge: Dodged            |    56 |   112 ||   168
